 Dungeon Crawl Stone Soup version 0.24.0-125-gc4c63601f3 (webtiles) character file.

Game seed: 2181226547148459910, levelgen mode: deterministic

4293 Peloso the Blocker (level 10, -3/86 HPs)
             Began as a Minotaur Fighter on Mar 20, 2020.
             Was an Elder of Okawaru.
             Slain by Harold
             ... wielding a +0 battleaxe
              (12 damage)
             ... on level 8 of the Dungeon.
             The game lasted 00:17:48 (8467 turns).

Peloso the Blocker (Minotaur Fighter)               Turns: 8467, Time: 00:17:48

Health: -3/86      AC: 16    Str: 23    XL:     10   Next: 11%
Magic:  7/9        EV: 10    Int:  5    God:    Okawaru [****..]
Gold:   429        SH: 15    Dex: 11    Spells: 9/9 levels left

rFire    . . .     SeeInvis .   a - +1 long sword
rCold    + . .     Gourm    .   c - +1 shield
rNeg     . . .     Faith    .   g - +0 plate armour
rPois    .         Spirit   .   (helmet restricted)
rElec    .         Reflect  .   (no cloak)
rCorr    .         Harm     .   (no gloves)
MR       .....                  (no boots)
Stlth    ..........             i - amulet of rage
HPRegen  0.24/turn              e - ring of protection from cold
MPRegen  0.11/turn              x - +5 ring of slaying

@: heroism, marked
A: retaliatory headbutt, horns 2
a: Heroism, Renounce Religion, Evoke Berserk Rage


You were on level 8 of the Dungeon.
You worshipped Okawaru.
Okawaru was greatly pleased with you.
You were hungry.

You visited 2 branches of the dungeon, and saw 9 of its levels.
You also visited: Sewer.

You collected 429 gold pieces.

Inventory:

Hand Weapons
 a - a +1 long sword (weapon)
Armour
 b - a +0 scale mail
 c - a +1 shield (worn)
 g - a +0 plate armour (worn)
Jewellery
 e - a ring of protection from cold (left hand)
 i - an amulet of rage (around neck)
 l - an uncursed ring of positive energy
 x - a +5 ring of slaying (right hand)
 y - an uncursed amulet of harm {unknown}
Wands
 k - a wand of iceblast (5)
 o - a wand of disintegration (12)
 s - a wand of digging (5)
 v - a wand of acid (8)
 B - a wand of polymorph (9)
Scrolls
 m - 3 scrolls of fear {unknown}
 n - 6 scrolls of teleportation
 t - 4 scrolls of identify
 u - a scroll of random uselessness {unknown}
 w - 2 scrolls of remove curse
 z - a scroll of enchant weapon
 A - a scroll of magic mapping {unknown}
Potions
 d - a potion of might
 h - 2 potions of curing
 j - a potion of flight {unknown}
 p - a potion of magic {unknown}
 q - a potion of brilliance
Comestibles
 f - 13 rations


   Skills:
 + Level 7.0(12.0) Fighting
 + Level 9.8(14.8) Long Blades
 + Level 9.5(14.5) Armour
 + Level 1.9(6.9) Dodging
 + Level 0.1(5.1) Stealth
 + Level 10.5(15.5) Shields
 + Level 0.3 Invocations


You had 9 spell levels left.
You didn't know any spells.
Your spell library contained the following spells:

 Spells                   Type           Power        Failure   Level  Hunger
 Summon Small Mammal      Summ           #...         99%         1    ##.....
 Call Imp                 Summ           #.......     100%        2    ###....
 Call Canine Familiar     Summ           #.......     100%        3    ####...
 Summon Guardian Golem    Hex/Summ       #.......     100%        3    ####...
 Summon Ice Beast         Ice/Summ       #.......     100%        4    #####..
 Summon Lightning Spire   Summ/Air       #.......     100%        4    #####..


Dungeon Overview and Level Annotations

Branches:
Dungeon (8/15)             Temple (1/1) D:4           Sewer (visited)
   Lair: D:8-11

Altars:
Ashenzari
Cheibriados
Dithmenos
Elyvilon
Fedhas
Gozag
Hepliaklqana
Kikubaaqudgha
Makhleb
Nemelex Xobeh
Okawaru
Qazlal
Ru
Sif Muna
Trog
Uskayaw
Vehumet
Wu Jian
Xom
Yredelemnul
Zin
The Shining One

Shops:
D:5 *

Annotations:
D:7 1 runed translucent door, Doot's ghost, novice OpAs
D:8 Harold


Innate Abilities, Weirdness & Mutations

You reflexively headbutt those who attack you in melee.
You have a pair of horns on your head.


Message History

You block the hippogriff's attack.
You slash Harold!
Harold is severely wounded.
Harold hits you with a +0 battleaxe.
* * * LOW HITPOINT WARNING * * *
The hippogriff bites you but does no damage.
The hippogriff pecks you.
* * * LOW HITPOINT WARNING * * *
The hippogriff claws you.
* * * LOW HITPOINT WARNING * * *
You feel better. You block the hippogriff's attack.
The hippogriff pecks you but does no damage.
You block the hippogriff's attack. Harold hits you with a +0 battleaxe.
* * * LOW HITPOINT WARNING * * *
You gain the combat prowess of a mighty hero.
The hippogriff closely misses you. You block the hippogriff's attack.
The hippogriff claws you.
* * * LOW HITPOINT WARNING * * *
Harold hits you with a +0 battleaxe!
You die...

.##+## .....##
......... ......#
......... ......#
....!.>.# ......#
........# ..†...#
........#
.####.###........#
.##.....#......H@####
###)#....# #.@...#
#.#....# #.###.#
#.#....# #...#
#.####### ###.#
#.......# #...#
#######.# #.### #.###
#.#.# #...# #...#
###.#####.#


You could see Harold and a hippogriff.

Vanquished Creatures
  A two-headed ogre (D:8)
  Pikel (D:4)
  A spriggan (D:7)
  A steam dragon (D:7)
  2 insubstantial wisps (D:7)
  2 orc warriors (D:6)
  3 sky beasts (D:7)
  7 ogres
  2 phantoms
  3 centaurs
  A bullfrog (Sewer)
  A wyvern zombie (D:6)
  A scorpion (D:7)
  A howler monkey (D:7)
  A vampire bat (D:5)
  3 crimson imps
  A quasit (D:7)
  A bullfrog zombie (D:7)
  A jelly (D:5)
  3 orc priests
  3 hounds
  5 orc wizards
  A bullfrog skeleton (D:7)
  Ijyb (D:4)
  An iguana (D:4)
  3 worker ants
  A howler monkey zombie (D:7)
  Robin (D:2)
  A howler monkey skeleton (D:7)
  3 gnolls (D:6)
  10 adders
  A river rat (D:3)
  2 shadow imps
  3 oozes
  2 adder skeletons (D:6)
  2 adder zombies
  4 worms
  2 dart slugs
  3 fire bats (D:5)
  6 leopard geckos
  32 orcs
  2 spectral bats (D:5)
  14 bats
  3 bat skeletons (D:5)
  A bat zombie (D:5)
  9 giant cockroaches
  14 hobgoblins
  6 jackals
  2 quokkas
  7 ball pythons
  A bat simulacrum (D:5)
  8 frilled lizards
  17 goblins
  8 kobolds
  A leopard gecko skeleton (D:4)
  11 rats
228 creatures vanquished.

Vanquished Creatures (others)
  A sky beast (D:7)
  A slave (D:4)
  A howler monkey (D:7)
  An orc wizard (D:4)
  A giant cockroach (D:7)
  A leopard gecko skeleton (D:4)
6 creatures vanquished.

Grand Total: 234 creatures vanquished

Notes
Turn   | Place    | Note
-------+----------+-------------------------------------------
     0 | D:1      | Peloso the Minotaur Fighter began the quest for the Orb.
     0 | D:1      | Reached XP level 1. HP: 19/19 MP: 0/0
    62 | D:1      | Reached XP level 2. HP: 20/27 MP: 1/1
   223 | D:1      | Reached skill level 4 in Shields
   281 | D:1      | Reached XP level 3. HP: 32/33 MP: 2/2
   671 | D:2      | Found a bloodstained altar of Trog.
   860 | D:2      | Noticed Robin
   889 | D:2      | Killed Robin
   889 | D:2      | Reached XP level 4. HP: 39/40 MP: 3/3
  1549 | D:3      | Reached XP level 5. HP: 37/47 MP: 4/4
  1749 | D:3      | Found a glowing drain.
  1771 | Sewer    | Entered a sewer
  1866 | Sewer    | Reached skill level 1 in Dodging
  2027 | Sewer    | Reached skill level 5 in Shields
  2486 | D:3      | Reached XP level 6. HP: 55/55 MP: 5/5
  2799 | D:3      | Reached skill level 5 in Long Blades
  3054 | D:4      | Noticed Pikel
  3054 | D:4      | Noticed a slave
  3054 | D:4      | Noticed a slave
  3054 | D:4      | Noticed a slave
  3065 | D:4      | Noticed a slave
  3077 | D:4      | Killed Pikel
  3077 | D:4      | Reached skill level 5 in Fighting
  3077 | D:4      | Reached skill level 5 in Armour
  3077 | D:4      | Reached skill level 6 in Shields
  3077 | D:4      | Reached XP level 7. HP: 13/61 MP: 6/6
  3335 | D:4      | Noticed Ijyb
  3352 | D:4      | Killed Ijyb
  3378 | D:4      | Found a staircase to the Ecumenical Temple.
  3390 | Temple   | Entered the Ecumenical Temple
  3533 | Temple   | Became a worshipper of Warmaster Okawaru
  3841 | D:4      | Found a sparkling altar of Nemelex Xobeh.
  3853 | D:4      | Found a shimmering blue altar of Sif Muna.
  3884 | D:5      | Entered Level 5 of the Dungeon
  3943 | D:5      | Found a burning altar of Makhleb.
  3952 | D:5      | Reached XP level 8. HP: 46/68 MP: 7/7
  3994 | D:5      | Reached skill level 7 in Shields
  4178 | D:5      | Found Ryzyaweti's Assorted Antiques.
  4267 | D:5      | Reached * piety under Okawaru
  4531 | D:5      | Found a shadowy altar of Dithmenos.
  4933 | D:6      | Found a sparkling altar of Nemelex Xobeh.
  5590 | D:6      | Reached skill level 8 in Shields
  6055 | D:6      | Reached ** piety under Okawaru
  6077 | D:6      | Reached XP level 9. HP: 62/74 MP: 8/8
  6265 | D:6      | Found a hide-covered altar of Uskayaw.
  6439 | D:6      | Reached skill level 9 in Shields
  7779 | D:7      | Reached skill level 10 in Shields
  7796 | D:7      | Reached *** piety under Okawaru
  7816 | D:7      | Found a runed translucent door.
  7819 | D:7      | Noticed Doot's ghost (novice OpAs)
  8290 | D:7      | Found a hazy altar of Hepliaklqana.
  8416 | D:8      | Noticed a two-headed ogre
  8422 | D:8      | Killed a two-headed ogre
  8422 | D:8      | Reached **** piety under Okawaru
  8422 | D:8      | Reached XP level 10. HP: 70/86 MP: 9/9
  8452 | D:8      | Noticed Harold
  8467 | D:8      | Slain by Harold

Levels and vault maps discovered:
D:1:      shiori_arrival_elements, layout_rooms
D:2:      layout_basic, lemuel_crystal_altar, minmay_between, uniq_robin
D:3:      layout_loops_corners, portal_sewer_entry_b
D:4:      layout_cave_pools, amethyst_overflow_temple_binary,
          minmay_temple_entry_hall, uniq_ijyb, uniq_pikel
D:5:      layout_basic, kennysheep_mini, serial_shops, shop, first_ration,
          basic_altar, minmay_misc_feat_cross, goddamned_bats
D:6:      layout_layer_cave, nicolae_overflow_hidden_temple, basic_altar
D:7:      layout_rooms, lemuel_round_altar, gammafunk_ghost_grave, the_bakery,
          minivault_26, hangedman_misty_isle
D:8:      layout_basic, minmay_lair_entry_grove, uniq_harold
Temple:   nicolae_temple_elliptical

Skill      XL: |  1  2  3  4  5  6  7  8  9 |
---------------+----------------------------+-----
Armour         | 4 5 6 8 9 |  9.5
Shields        | 4 5 6 8 10 | 10.5
Fighting       | 4 5 7 |  7.0
Long Blades    | 3 4 6 7 8 9 |  9.8
Dodging        | 1 |  1.9
Stealth        | |  0.1
Invocations    | |  0.3

Action                   |  1- 3 |  4- 6 |  7- 9 | 10-12 || total
-------------------------+-------+-------+-------+-------++-------
Melee: Long sword        |   125 |   213 |   306 |    12 ||   656
       Headbutt          |    15 |    34 |    55 |     3 ||   107
Invok: Heroism           |       |       |     2 |     1 ||     3
Evoke: Wand              |       |       |     1 |       ||     1
  Use: Potion            |     2 |       |     5 |     1 ||     8
       Scroll            |       |     2 |     7 |       ||     9
  Eat: Chunk             |       |     7 |    14 |       ||    21
       Ration            |       |       |     1 |       ||     1
Armor: Scale mail        |     8 |       |       |       ||     8
       Plate armour      |    79 |   150 |   172 |     5 ||   406
Dodge: Dodged            |    28 |    44 |    92 |     3 ||   167
Block: Shield            |    76 |   121 |   210 |    13 ||   420
       Rpst.: Long sword |     7 |     9 |    22 |       ||    38
